 Dungeon Crawl Stone Soup version 0.26.1-11-gd32895ea62 (webtiles) character file.

Game seed: 16340583542460318163

19738 Almogavar the Covert (level 13, -14/74 HPs)
             Began as a Kobold Conjurer on May 21, 2021.
             Was a High Priest of Sif Muna.
             Demolished by a shadow (29 damage)
             ... on level 12 of the Dungeon on May 22, 2021.
             The game lasted 01:14:07 (18935 turns).

Almogavar the Covert (Kobold Conjurer)             Turns: 18935, Time: 01:14:07

Health: -14/74     AC:  9    Str:  5    XL:     13   Next: 6%
Magic:  35/35      EV: 17    Int: 24    God:    Sif Muna [*****.]
Gold:   661        SH:  0    Dex: 13    Spells: 24/30 levels left

rFire    . . .     SeeInvis .   a - +5 short sword (holy)
rCold    + . .     Faith    .   (shield restricted)
rNeg     . . .     Spirit   .   C - +2 leather armour {rC+}
rPois    .         Reflect  .   m - +0 helmet
rElec    .         Harm     .   (no cloak)
rCorr    .         Rampage  .   w - +2 pair of gloves
Will     .....                  (no boots)
Stlth    +++++++...             O - amulet of magic regeneration
HPRegen  0.22/turn              s - ring of stealth
MPRegen  0.49/turn              j - ring of magical power

@: studying Throwing
A: small, nightstalker 3
a: Renounce Religion, Channel Magic, Forget Spell, Divine Exegesis


You were on level 12 of the Dungeon.
You worshipped Sif Muna.
Sif Muna was extremely pleased with you.
You visited 1 branch of the dungeon, and saw 12 of its levels.

You collected 661 gold pieces.

Inventory:

Hand Weapons
 a - a +5 short sword of holy wrath (weapon)
Missiles
 f - 131 poisoned darts (quivered)
 n - 8 atropa-tipped darts
 E - 16 boomerangs of dispersal
 F - 34 bolts
 Q - 18 boomerangs
Armour
 m - a +0 helmet (worn)
 w - a +2 pair of gloves (worn)
 B - a +2 ring mail of fire resistance
 C - a +2 leather armour of cold resistance (worn)
 S - a +0 buckler
Jewellery
 j - a ring of magical power (right hand)
 l - an uncursed amulet of guardian spirit
 s - a ring of stealth (left hand)
 I - an uncursed ring of magical power
 O - an amulet of magic regeneration (around neck)
Wands
 u - a wand of digging (8)
 G - a wand of acid (6)
 M - a wand of paralysis (9)
Scrolls
 c - a scroll of holy word
 h - 5 scrolls of remove curse
 i - 5 scrolls of enchant armour
 k - 4 scrolls of enchant weapon
 o - 2 scrolls of fear
 t - 4 scrolls of teleportation
 v - a scroll of magic mapping {unknown}
 x - a scroll of amnesia {unknown}
 y - a scroll of blinking {unknown}
 K - a scroll of random uselessness {unknown}
 R - a scroll of acquirement {unknown}
Potions
 b - 2 potions of magic
 d - 2 potions of ambrosia
 e - 3 potions of brilliance
 g - 2 potions of haste
 p - 2 potions of heal wounds
 q - 3 potions of curing
 r - a potion of mutation {unknown}
 z - 3 potions of cancellation {unknown}
 A - 2 potions of attraction {unknown}
 D - 2 potions of resistance {unknown}
 H - a potion of degeneration {unknown}
 L - 2 potions of might {unknown}
 N - a potion of berserk rage {unknown}
 P - a potion of lignification {unknown}
Books
 J - a manual of Throwing


   Skills:
 + Level 6.1 Fighting
 + Level 7.8 Short Blades
 + Level 3.6 Throwing
 - Level 4.0 Armour
 + Level 7.3 Dodging
 + Level 14.8 Stealth
 + Level 9.4 Spellcasting
 + Level 10.5 Conjurations
 + Level 1.3 Hexes


You had 24 spell levels left.
You knew the following spells:

 Your Spells              Type           Power        Failure   Level
a - Magic Dart            Conj           100%         1%          1
b - Searing Ray           Conj           100%         1%          2
c - Dazzling Flash        Conj/Hex       78%          2%          3

Your spell library contained the following spells:

 Spells                   Type           Power        Failure   Level
 Fulminant Prism          Conj/Hex       19%          8%          4
 Animate Skeleton         Necr           22%          9%          1
 Iskenderun's Mystic Bla  Conj/Tloc      36%          10%         4
 Animate Dead             Necr           5%           65%         4
 Dispel Undead            Necr           11%          65%         4
 Agony                    Necr           11%          94%         5
 Borgnjor's Vile Clutch   Necr/Erth      5%           94%         5
 Excruciating Wounds      Necr           5%           94%         5


Dungeon Overview and Level Annotations

Branches:
Dungeon (12/15)            Temple (0/1) D:6            Lair (0/6) D:8
    Orc (0/2) D:12

Altars:
Dithmenos
Elyvilon
Fedhas
Gozag
Hepliaklqana
Okawaru
Sif Muna
Wu Jian
Yredelemnul
Zin

Annotations:
D:9 Harold


Innate Abilities, Weirdness & Mutations

You are small and have problems with some larger weapons.
You are completely attuned to the shadows.


Message History

Deactivating autopickup; reactivate with Ctrl-A.
The slime creature hits you!
Okay, then.
Casting: Searing Ray (safe; 1% risk of failure)
Confirm with . or Enter, or press ? or * to list all spells.
The slime creature hits you but does no damage.
The slime creature hits you.
The shadow strikes at you from the darkness!
Reactivating autopickup.
The slime creature hits you! The shadow hits you!
* * * LOW HITPOINT WARNING * * *
The slime creature hits you.
* * * LOW HITPOINT WARNING * * *
The slime creature completely misses you.
The shadow slips into darkness.
The shadow flickers and vanishes!
Deactivating autopickup; reactivate with Ctrl-A.
The shadow strikes at you from the darkness!
You die...

### ###############.##
#.............†.†#
#######.#######.#####.########
........# ###....J.........#
#...............@#####.#####.#
#.#############..#.........#.#
#.# ##.#.###+###.#J# #.# #.#
.'.#O# #.# #.# #.#.# ### #...#
#.#.#### .'.#..... ## #..###


You could see a slime creature.

Vanquished Creatures
  Josephine (D:10)
  2 boulder beetles
  Erolcha (D:10)
  2 two-headed ogres
  Pikel (D:7)
  An ugly thing (D:11)
  Joseph (D:10)
  A gargoyle (D:11)
  4 centaur skeletons
  3 trolls
  A meliai (D:8)
  Grinder (D:4)
  A hornet (D:10)
  Prince Ribbit (D:8)
  A shadow (D:12)
  12 yaks
  2 wyverns (D:8)
  6 wraiths
  Sigmund (D:5)
  Eustachio (D:4)
  A basilisk (D:8)
  A vampire mosquito (D:12)
  Edmund (D:5)
  2 soldier ants
  A two-headed ogre zombie (D:12)
  6 water moccasins
  Duvessa (D:5)
  2 ice beasts
  4 sky beasts
  10 orc warriors
  4 phantoms
  2 eyes of draining
  A necrophage (D:6)
  7 ogres
  4 centaurs
  5 big kobolds
  6 bullfrogs
  4 scorpions
  A troll zombie (D:12)
  Dowan (D:5)
  19 killer bees
  11 wights
  3 howler monkeys (D:7)
  6 hounds
  A quasit (D:10)
  A centaur zombie (D:6)
  8 orc priests
  2 jellies
  Ijyb (D:3)
  A bullfrog skeleton (D:11)
  3 iguanas
  Terence (D:2)
  11 orc wizards
  9 worker ants
  5 ogre zombies (D:12)
  A worker ant zombie (D:5)
  2 howler monkey zombies
  3 gnolls (D:9)
  9 adders
  A shadow imp (D:8)
  2 white imps
  2 ufetubi
  2 adder skeletons
  3 worms
  A dart slug (D:2)
  9 leopard geckos
  64 orcs
  2 ball pythons (D:3)
  6 giant cockroaches
  10 goblins
  6 hobgoblins
  9 jackals
  3 quokkas
  6 bats
  4 frilled lizards
  2 goblin skeletons (D:12)
  3 goblin zombies (D:12)
  2 hobgoblin skeletons (D:12)
  A hobgoblin zombie (D:12)
  27 kobolds
  A leopard gecko skeleton (D:4)
  2 orc skeletons (D:12)
  14 orc zombies (D:12)
  A quokka skeleton (D:7)
  4 rats
392 creatures vanquished.

Vanquished Creatures (others)
  A bush (D:8)
  4 fungi (D:8)
  13 plants (D:8)
18 creatures vanquished.

Grand Total: 410 creatures vanquished

Notes
Turn   | Place    | Note
-------+----------+-------------------------------------------
     0 | D:1      | Almogavar the Kobold Conjurer began the quest for the Orb.
     0 | D:1      | Reached XP level 1. HP: 10/10 MP: 3/3
   522 | D:1      | Reached XP level 2. HP: 15/15 MP: 1/5
   525 | D:1      | Learned a level 2 spell: Searing Ray
   935 | D:1      | Reached XP level 3. HP: 19/19 MP: 6/6
  1829 | D:2      | Found an opulent altar of Gozag.
  2166 | D:2      | Reached skill level 5 in Conjurations
  2213 | D:2      | Reached XP level 4. HP: 23/24 MP: 5/7
  2268 | D:2      | Noticed Terence
  2325 | D:2      | Killed Terence
  2326 | D:2      | Reached skill level 3 in Stealth
  2585 | D:2      | Found a glowing silver altar of Zin.
  3075 | D:3      | Reached XP level 5. HP: 26/28 MP: 3/9
  3259 | D:3      | Reached skill level 4 in Stealth
  3416 | D:3      | Noticed Ijyb
  3423 | D:3      | Killed Ijyb
  3953 | D:3      | Reached XP level 6. HP: 33/33 MP: 8/11
  4741 | D:4      | Reached skill level 1 in Short Blades
  4741 | D:4      | Reached skill level 5 in Stealth
  4924 | D:4      | Noticed Eustachio
  4931 | D:4      | Killed Eustachio
  4932 | D:4      | Reached skill level 1 in Fighting
  4932 | D:4      | Reached skill level 6 in Stealth
  4932 | D:4      | Reached XP level 7. HP: 33/38 MP: 12/12
  5230 | D:4      | Noticed Grinder
  5281 | D:4      | Killed Grinder
  5282 | D:4      | Reached skill level 7 in Stealth
  5282 | D:4      | Reached XP level 8. HP: 27/43 MP: 4/14
  5832 | D:5      | Entered Level 5 of the Dungeon
  5839 | D:5      | Noticed Dowan
  5869 | D:5      | Noticed Duvessa
  5891 | D:4      | Reached skill level 8 in Stealth
  6082 | D:5      | Noticed Edmund
  6093 | D:5      | Killed Edmund
  6194 | D:5      | Reached skill level 9 in Stealth
  6360 | D:5      | Reached XP level 9. HP: 48/48 MP: 15/15
  6441 | D:5      | Killed Dowan
  6442 | D:5      | Reached skill level 10 in Stealth
  7039 | D:5      | Noticed Sigmund
  7043 | D:5      | Killed Sigmund
  7103 | D:5      | Found an opulent altar of Gozag.
  7224 | D:5      | Found a shimmering blue altar of Sif Muna.
  7230 | D:5      | Became a worshipper of Sif Muna the Loreminder
  7397 | D:5      | Killed Duvessa
  7398 | D:5      | Reached skill level 1 in Armour
  7713 | D:6      | Reached skill level 11 in Stealth
  7962 | D:6      | Found a hazy altar of Hepliaklqana.
  8041 | D:6      | Reached skill level 5 in Short Blades
  8451 | D:6      | Found a staircase to the Ecumenical Temple.
  8745 | D:6      | Found an iron altar of Okawaru.
  9056 | D:7      | Reached XP level 10. HP: 50/56 MP: 12/17
  9248 | D:7      | Reached skill level 5 in Spellcasting
  9291 | D:7      | Reached * piety under Sif Muna
  9362 | D:7      | Noticed Pikel
  9368 | D:7      | Killed Pikel
  9369 | D:7      | Reached skill level 12 in Stealth
 10091 | D:7      | Learned a level 3 spell: Dazzling Flash
 10309 | D:7      | Found a basalt altar of Yredelemnul.
 10312 | D:7      | Found a white marble altar of Elyvilon.
 10316 | D:7      | Found a shadowy altar of Dithmenos.
 10364 | D:8      | Noticed Prince Ribbit
 10369 | D:8      | Killed Prince Ribbit
 10370 | D:8      | Reached skill level 5 in Dodging
 10524 | D:8      | Reached ** piety under Sif Muna
 10616 | D:8      | Reached skill level 13 in Stealth
 10662 | D:8      | Reached XP level 11. HP: 61/61 MP: 10/19
 10937 | D:8      | Found a staircase to the Lair.
 11544 | D:8      | Found an ornate altar of the Wu Jian Council.
 11697 | D:9      | Reached skill level 5 in Fighting
 12832 | D:8      | Reached *** piety under Sif Muna
 13196 | D:9      | Noticed Harold
 13552 | D:9      | Noticed a two-headed ogre
 13572 | D:9      | Killed a two-headed ogre
 13884 | D:9      | Found a blossoming altar of Fedhas.
 14327 | D:10     | Entered Level 10 of the Dungeon
 14363 | D:10     | Noticed a two-headed ogre
 14377 | D:10     | Killed a two-headed ogre
 14378 | D:10     | Reached skill level 1 in Throwing
 14423 | D:10     | Noticed Erolcha
 14438 | D:10     | Killed Erolcha
 14762 | D:10     | Reached XP level 12. HP: 65/68 MP: 23/23
 15006 | D:10     | Noticed Joseph
 15009 | D:10     | Killed Joseph
 15079 | D:10     | Noticed Josephine
 15085 | D:10     | Killed Josephine
 15086 | D:10     | Reached skill level 1 in Hexes
 15113 | D:10     | Found a blossoming altar of Fedhas.
 16546 | D:11     | Reached **** piety under Sif Muna
 16841 | D:11     | Reached skill level 10 in Conjurations
 17172 | D:11     | Noticed a boulder beetle
 17219 | D:11     | Killed a boulder beetle
 17220 | D:11     | Reached skill level 14 in Stealth
 17612 | D:11     | Got a fine war axe
 17708 | D:11     | Identified the cursed +0 war axe of Edeg {elec, *Noise
                  | rPois rC+++ Will++} (You found it on level 11 of the
                  | Dungeon)
 18215 | D:12     | Reached ***** piety under Sif Muna
 18304 | D:12     | Identified Sif Muna's Incunabulum of Sinister Secrets (Sif
                  | Muna gifted it to you on level 12 of the Dungeon)
 18304 | D:12     | Received a gift from Sif Muna
 18462 | D:12     | Found a staircase to the Orcish Mines.
 18814 | D:12     | Reached XP level 13. HP: 67/74 MP: 26/26
 18889 | D:12     | Noticed a boulder beetle
 18893 | D:12     | Killed a boulder beetle
 18935 | D:12     | Demolished by a shadow

Illustrated notes

Levels and vault maps discovered:
D:1:      dpeg_arrival_rooms_a, layout_rooms, serial_rivers,
          chequers_serial_rivers_micro_e, chequers_serial_rivers_large_a,
          chequers_serial_rivers_micro_e, chequers_serial_rivers_micro_d
D:2:      layout_loops_corners, zin_treasury, nicolae_gozag_seed_capital,
          uniq_terence
D:3:      layout_basic, serial_co_window_serial, co_window_paths_b,
          co_window_corner_a, co_window_corner_a, co_window_corner_a,
          co_window_corner_a, co_window_of_opportunity_c, co_window_corner_b,
          co_window_of_opportunity_b, co_window_of_opportunity_c,
          co_window_2corner, co_window_2corner, co_window_4corner_a,
          co_window_paths_e, glass_columns_a, uniq_ijyb
D:4:      layout_loops_ring, uniq_grinder, uniq_eustachio
D:5:      layout_loops_ring, nicolae_overflow_hidden_temple,
          general_overflow_altar, uniq_duvessa, uniq_sigmund, uniq_edmund
D:6:      layout_loops_corners, nzn_hepliaklqana_mist_gate,
          lemuel_temple_firewalk_b, kennysheep_okawaru_gauntlet
D:7:      layout_cave_pools, grunt_temple_overflow_diamond,
          minmay_unpleasant_kobolds, uniq_pikel
D:8:      layout_rooms, pdpol_wu_jian_five_deadly_venoms,
          minmay_lair_entry_grove, minmay_manual_mess, uniq_prince_ribbit1
D:9:      layout_basic, fedhas_ov_isle_minmay, hangedman_glass_teeth,
          kennysheep_decorative_pillar, uniq_harold
D:10:     layout_basic, lemuel_tele_altar, uniq_erolcha, uniq_josephine,
          uniq_joseph
D:11:     layout_basic, kennysheep_flooded_box
D:12:     minmay_the_grid_plus [minmay_the_grid_doors, minmay_the_grid_dragon_b,
          minmay_the_grid_minigrid_large, minmay_the_grid_fan,
          minmay_the_grid_prize_four_corners], layout_loops_ring,
          zombieorc2_lemuel, ebering_ghost_rock_garden, minivault_15

Skill      XL: |  1  2  3  4  5  6  7  8  9 10 11 12 |
---------------+-------------------------------------+-----
Conjurations   | 5 6 7 8 9 10 | 10.5
Stealth        | 3 4 6 7 9 11 13 14 | 14.8
Spellcasting   | 3 4 5 7 9 |  9.4
Short Blades   | 2 3 4 5 6 7 |  7.8
Dodging        | 3 4 5 6 7 |  7.3
Fighting       | 1 3 4 5 6 |  6.1
Armour         | 2 3 4 |  4.0
Throwing       | 1 3 |  3.6
Hexes          | 1 |  1.3

Action                   |  1- 3 |  4- 6 |  7- 9 | 10-12 | 13-15 || total
-------------------------+-------+-------+-------+-------+-------++-------
Melee: Short sword       |    17 |    24 |    32 |    66 |     3 ||   142
Throw: Dart              |       |       |     1 |    19 |       ||    20
 Cast: Magic Dart        |    17 |     3 |     1 |    10 |       ||    31
       Searing Ray       |    18 |    32 |    51 |   227 |     1 ||   329
       Dazzling Flash    |       |       |       |     6 |     1 ||     7
  Use: Scroll            |       |     4 |     5 |     7 |       ||    16
       Potion            |       |       |     1 |       |       ||     1
 Stab: Sleeping          |     6 |    17 |    14 |    32 |     3 ||    72
Armor: Robe              |     1 |     3 |    14 |       |       ||    18
       Leather armour    |       |       |    13 |    62 |     2 ||    77
Dodge: Dodged            |    12 |    37 |    30 |   265 |     2 ||   346
